 Dungeon Crawl Stone Soup version 0.21.0 (webtiles) character file.

14674 HungrySpirit the Nimble (level 12, -4/91 HPs)
             Began as a Gnoll Arcane Marksman on Jan 6, 2018.
             Was an Elder of Wu Jian.
             Killed by Ozocubu's Refrigeration
             ... invoked by Fannar
              (18 damage)
             ... on level 9 of the Dungeon.
             The game lasted 01:13:40 (22157 turns).

HungrySpirit the Nimble (Gnoll Arcane Marksman)    Turns: 22157, Time: 01:13:40

Health: -4/91      AC: 11    Str: 12    XL:     12   Next: 19%
Magic:  23/23      EV: 18    Int: 17    God:    Wu Jian [****..]
Gold:   890        SH:  3    Dex: 20    Spells: 14/26 levels left

rFire    . . .     SeeInvis .   S - +2 long sword (elec)
rCold    . . .     Gourm    .   (no shield)
rNeg     . . .     Faith    .   G - +1 leather armour {MR+}
rPois    .         Spirit   .   t - +1 helmet
rElec    .         Reflect  +   L - +0 cloak
rCorr    .         Harm     .   y - +2 pair of gloves {archery}
MR       +....                  (no boots)
Stlth    +++++.....             v - +3 amulet of reflection
HPRegen  0.25/turn              F - ring of stealth
MPRegen  0.18/turn              (no ring)

@: no status effects
A: distributed training, fangs 1, strong nose
a: Wall Jump, Serpent's Lash, Renounce Religion


You were on level 9 of the Dungeon.
You worshipped Wu Jian.
Wu Jian was greatly pleased with you.
You were not hungry.

You visited 4 branches of the dungeon, and saw 16 of its levels.

You collected 890 gold pieces.

Inventory:

Hand Weapons
 a - a +0 hand crossbow
 i - a +3 short sword of speed
 k - a +1 whip of holy wrath
 p - a +0 shortbow of freezing
 I - a +3 great sword
 S - a +2 long sword of electrocution (weapon)
Missiles
 d - 103 bolts
 e - 219 arrows
 E - a javelin (quivered)
Armour
 q - a +0 scale mail
 t - a +1 helmet (worn)
 y - a +2 pair of gloves of archery (worn)
 G - a +1 leather armour of magic resistance (worn)
 L - a +0 cloak (worn)
 M - a +1 plate armour of cold resistance
Jewellery
 h - an uncursed ring of fire
 o - an uncursed ring of protection from magic
 v - a +3 amulet of reflection (around neck)
 A - an uncursed amulet of faith {unknown}
 F - a ring of stealth (left hand)
Wands
 r - a wand of enslavement (4)
 J - a wand of digging (19)
 N - a wand of random effects (17)
Scrolls
 b - 2 scrolls of magic mapping
 g - a scroll of vulnerability {unknown}
 j - 4 scrolls of remove curse
 l - a scroll of fog
 m - 5 scrolls of enchant armour
 u - a scroll of amnesia
 w - a scroll of identify
 H - a scroll of enchant weapon
Potions
 n - a potion of agility
 s - a potion of magic
 z - 3 potions of brilliance
 B - 3 potions of flight
 D - 2 potions of might
 Q - a potion of cancellation
Books
 c - a book of Debilitation

   Spells                             Type                      Level
   a - Corona                         Hexes                        1
   b - Slow                           Hexes                        2
   c - Inner Flame                    Hexes/Fire                   3
   d - Portal Projectile              Hexes/Translocation          3
   e - Cause Fear                     Hexes                        4
   f - Leda's Liquefaction            Hexes/Earth                  4
 C - a book of Minor Magic

   Spells                             Type                      Level
   a - Magic Dart                     Conjuration                  1
   b - Blink                          Translocation                2
   c - Call Imp                       Summoning                    2
   d - Slow                           Hexes                        2
   e - Conjure Flame                  Conjuration/Fire             3
   f - Mephitic Cloud                 Conjuration/Poison/Air       3
 K - a book of Changes

   Spells                             Type                      Level
   a - Beastly Appendage              Transmutation                1
   b - Sticks to Snakes               Transmutation                2
   c - Spider Form                    Transmutation/Poison         3
   d - Ice Form                       Ice/Transmutation            4
   e - Blade Hands                    Transmutation                5
 O - a book of Geomancy

   Spells                             Type                      Level
   a - Sandblast                      Earth                        1
   b - Passwall                       Transmutation/Earth          2
   c - Stone Arrow                    Conjuration/Earth            3
   d - Petrify                        Transmutation/Earth          4
   e - Lee's Rapid Deconstruction     Earth                        5
 P - a book of Power

   Spells                             Type                      Level
   a - Iskenderun's Battlesphere      Conjuration/Charms           5
   b - Venom Bolt                     Conjuration/Poison           5
   c - Bolt of Magma                  Conjuration/Fire/Earth       5
   d - Iron Shot                      Conjuration/Earth            6
   e - Orb of Destruction             Conjuration                  7
   f - Spellforged Servitor           Conjuration/Summoning        7
Comestibles
 f - 10 rations


   Skills:
 + Level 7.4 Fighting
 + Level 6.9 Short Blades
 + Level 6.9 Long Blades
 + Level 6.9 Axes
 + Level 6.9 Maces & Flails
 + Level 6.9 Polearms
 + Level 6.9 Staves
 + Level 6.9 Slings
 + Level 6.9 Bows
 + Level 8.4 Crossbows
 + Level 6.9 Throwing
 + Level 6.9 Armour
 + Level 8.4 Dodging
 + Level 6.9 Stealth
 + Level 6.9 Shields
 + Level 6.9 Unarmed Combat
 + Level 7.5 Spellcasting
 + Level 5.7 Conjurations
 + Level 8.0 Hexes
 + Level 5.7 Charms
 + Level 5.7 Summonings
 + Level 5.7 Necromancy
 + Level 5.7 Translocations
 + Level 5.7 Transmutations
 + Level 5.7 Fire Magic
 + Level 5.7 Ice Magic
 + Level 5.7 Air Magic
 + Level 5.7 Earth Magic
 + Level 5.7 Poison Magic
 + Level 7.6 Invocations
 + Level 6.9 Evocations


You had 14 spell levels left.
You knew the following spells:

 Your Spells              Type           Power        Failure   Level  Hunger
a - Corona                Hex            ####...      1%          1    None
b - Slow                  Hex            ####....     1%          2    None
c - Cause Fear            Hex            ####......   4%          4    ####...
d - Blink                 Tloc           N/A          1%          2    None
e - Mephitic Cloud        Conj/Pois/Air  ####....     3%          3    ##.....


Dungeon Overview and Level Annotations

Branches:
Dungeon (12/15)            Temple (1/1) D:6            Lair (1/6) D:9
    Orc (2/2) D:9
    Elf: Orc:2

Altars:
Cheibriados
Elyvilon
Gozag
Hepliaklqana
Sif Muna
Wu Jian
Zin
The Shining One

Portals:
Trove: D:11 (give +5 ice dragon scales)

Annotations:
D:3 MirrMurr's ghost, weakling DsGl
D:4 Torax's ghost, amateur GnAM
D:9 Fannar
D:11 Erolcha
Lair:1 Squigly's ghost, journeyman GrEE


Innate Abilities, Weirdness & Mutations

Your experience applies equally to all skills.
You have very sharp teeth.
Your uncanny sense of smell can sniff out nearby items.


Message History

Fannar drains the heat from the surrounding environment!
You feel very cold.
Fannar is frozen.
Fannar resists.
Fannar is lightly wounded.
You spin and attack the ice beast.
You hit the ice beast.
The ice beast is moderately wounded.
The ice beast closely misses you.
You see here a bolt.
There is an open door here.
Items here: ( )) [ a bolt; a -2 dire flail; a robe; an enchanted long sword Fannar points at you and mumbles some strange words.
The bolt of cold hits the ice beast.
The ice beast completely resists.
The bolt of cold hits you!
* * * LOW HITPOINT WARNING * * *
The ice beast hits you but does no damage.
You see here a bolt.
Fannar casts a spell.
Fannar drains the heat from the surrounding environment!
You feel very cold.
You die...

#..............#......#.......
#..............###'#####...###
########'#######..............
#.............................
#.....).......................
#.............................
#.............................
#..............###############
#............@.#[.............
########......................
#......#...(Y[[...............
#......#......[...............
#......#...e(.#######.........
#......#......# #.........
#..eY..####(### #.........
#..Y...#...(..# #.......[.
#......#......# #.........


You could see Fannar and an ice beast.

Vanquished Creatures
  2 two-headed ogres
  2 skeletal warriors
  A manticore (D:11)
  Psyche (D:10)
  A troll (D:8)
  4 hornets
  10 yaks
  A shadow (D:11)
  2 hungry ghosts
  A steam dragon (D:9)
  A vampire mosquito (D:11)
  A crocodile (D:9)
  A soldier ant (D:11)
  A warg (Orc:2)
  A water moccasin (D:7)
  2 porcupines
  12 orc warriors
  A black bear (D:7)
  2 ice beasts
  19 ogres
  8 centaurs
  5 bullfrogs
  7 big kobolds
  5 gnoll sergeants (D:9)
  6 scorpions
  20 killer bees
  4 wights (D:9)
  3 howler monkeys
  2 crimson imps
  4 hounds
  A quasit (D:9)
  2 jellies
  8 orc priests
  11 orc wizards
  A bullfrog skeleton (D:11)
  3 iguanas
  4 worker ants
  An ogre zombie (D:11)
  2 hound skeletons
  2 worker ant zombies (D:11)
  14 adders
  6 gnolls
  2 shadow imps
  An adder skeleton (D:4)
  3 worms
  3 dart slugs
  5 leopard geckos
  45 orcs
  3 ball pythons
  8 giant cockroaches
  8 hobgoblins
  25 kobolds
  5 quokkas
  9 bats
  4 goblins
  2 goblin skeletons (D:9)
  A goblin zombie (D:9)
  2 kobold zombies (D:9)
  A leopard gecko skeleton (D:4)
  An orc skeleton (D:9)
  2 orc zombies (D:9)
  9 rats
324 creatures vanquished.

Vanquished Creatures (collateral kills)
  2 yaks (D:9)
  2 killer bees (D:9)
  A worker ant (D:11)
  A worm (D:11)
6 creatures vanquished.

Vanquished Creatures (others)
  2 orc warriors (D:9)
  13 fungi (D:9)
  10 plants
25 creatures vanquished.

Grand Total: 355 creatures vanquished

Notes
Turn   | Place    | Note
-------+----------+-------------------------------------------
     0 | D:1      | HungrySpirit the Gnoll Arcane Marksman began the quest for the Orb.
     0 | D:1      | Reached XP level 1. HP: 17/17 MP: 4/4
   277 | D:1      | Reached XP level 2. HP: 20/23 MP: 5/5
  1084 | D:2      | Reached XP level 3. HP: 20/28 MP: 7/7
  1483 | D:2      | Reached skill level 1 in Invocations
  1701 | D:2      | Reached skill level 1 in Short Blades
  1701 | D:2      | Reached skill level 1 in Long Blades
  1701 | D:2      | Reached skill level 1 in Axes
  1701 | D:2      | Reached skill level 1 in Maces & Flails
  1701 | D:2      | Reached skill level 1 in Polearms
  1701 | D:2      | Reached skill level 1 in Staves
  1701 | D:2      | Reached skill level 1 in Slings
  1701 | D:2      | Reached skill level 1 in Bows
  1701 | D:2      | Reached skill level 1 in Throwing
  1701 | D:2      | Reached skill level 1 in Armour
  1701 | D:2      | Reached skill level 1 in Stealth
  1701 | D:2      | Reached skill level 1 in Shields
  1701 | D:2      | Reached skill level 1 in Unarmed Combat
  1701 | D:2      | Reached skill level 1 in Evocations
  2069 | D:2      | Reached XP level 4. HP: 33/34 MP: 8/8
  2460 | D:3      | Found an ornate altar of the Wu Jian Council.
  2461 | D:3      | Found a snail-covered altar of Cheibriados.
  2595 | D:3      | Noticed MirrMurr's ghost (weakling DsGl)
  2777 | D:3      | Found a white marble altar of Elyvilon.
  2849 | D:3      | Reached skill level 1 in Conjurations
  2849 | D:3      | Reached skill level 1 in Charms
  2849 | D:3      | Reached skill level 1 in Summonings
  2849 | D:3      | Reached skill level 1 in Necromancy
  2849 | D:3      | Reached skill level 1 in Translocations
  2849 | D:3      | Reached skill level 1 in Transmutations
  2849 | D:3      | Reached skill level 1 in Fire Magic
  2849 | D:3      | Reached skill level 1 in Ice Magic
  2849 | D:3      | Reached skill level 1 in Air Magic
  2849 | D:3      | Reached skill level 1 in Earth Magic
  2849 | D:3      | Reached skill level 1 in Poison Magic
  3438 | D:3      | Found a glowing silver altar of Zin.
  3554 | D:3      | Reached XP level 5. HP: 40/40 MP: 9/9
  4189 | D:4      | Reached XP level 6. HP: 41/47 MP: 10/10
  4276 | D:4      | Noticed Torax's ghost (amateur GnAM)
  4332 | D:3      | Learned a level 2 spell: Slow
  4564 | D:4      | Reached skill level 5 in Crossbows
  4564 | D:4      | Reached skill level 5 in Dodging
  4738 | D:4      | Reached XP level 7. HP: 40/52 MP: 12/12
  5400 | D:5      | Entered Level 5 of the Dungeon
  5692 | D:3      | Became a worshipper of the Wu Jian Council
  6592 | D:6      | Found a staircase to the Ecumenical Temple.
  6636 | Temple   | Entered the Ecumenical Temple
  7440 | D:6      | Reached XP level 8. HP: 43/60 MP: 14/14
  7689 | D:7      | Noticed a hornet
  7862 | D:7      | Reached * piety under Wu Jian
  8187 | D:7      | Killed a hornet
  8187 | D:7      | Reached XP level 9. HP: 58/66 MP: 14/16
  8507 | D:7      | Reached skill level 5 in Spellcasting
  8642 | D:8      | Reached ** piety under Wu Jian
  8697 | D:8      | Noticed a two-headed ogre
  8700 | D:8      | Reached skill level 5 in Fighting
  8703 | D:8      | Killed a two-headed ogre
  8703 | D:8      | Reached skill level 5 in Invocations
  8890 | D:8      | Reached XP level 10. HP: 71/74 MP: 18/18
  8960 | D:8      | Found a hazy altar of Hepliaklqana.
  9567 | D:8      | Found an opulent altar of Gozag.
  9751 | D:9      | Reached skill level 5 in Short Blades
  9751 | D:9      | Reached skill level 5 in Long Blades
  9751 | D:9      | Reached skill level 5 in Axes
  9751 | D:9      | Reached skill level 5 in Maces & Flails
  9751 | D:9      | Reached skill level 5 in Polearms
  9751 | D:9      | Reached skill level 5 in Staves
  9751 | D:9      | Reached skill level 5 in Slings
  9751 | D:9      | Reached skill level 5 in Bows
  9751 | D:9      | Reached skill level 5 in Throwing
  9751 | D:9      | Reached skill level 5 in Armour
  9751 | D:9      | Reached skill level 5 in Stealth
  9751 | D:9      | Reached skill level 5 in Shields
  9751 | D:9      | Reached skill level 5 in Unarmed Combat
  9751 | D:9      | Reached skill level 5 in Evocations
 10132 | D:9      | Reached *** piety under Wu Jian
 10148 | D:9      | Found a glowing golden altar of the Shining One.
 10717 | D:9      | Noticed a skeletal warrior
 10718 | D:9      | Noticed a skeletal warrior
 10744 | D:9      | Noticed a skeletal warrior
 11140 | D:9      | Found a staircase to the Lair.
 11605 | D:9      | Found a staircase to the Orcish Mines.
 12933 | D:9      | Reached XP level 11. HP: 67/82 MP: 20/20
 13460 | Lair:1   | Entered Level 1 of the Lair of Beasts
 13487 | Lair:1   | Noticed Squigly's ghost (journeyman GrEE)
 13589 | D:10     | Entered Level 10 of the Dungeon
 13681 | D:10     | Noticed Psyche
 13702 | D:10     | Killed Psyche
 14235 | D:11     | Noticed a manticore
 14239 | D:11     | Killed a manticore
 14572 | Orc:1    | Entered Level 1 of the Orcish Mines
 14572 | Orc:1    | Noticed Fannar
 15209 | D:9      | Reached skill level 5 in Conjurations
 15209 | D:9      | Reached skill level 5 in Charms
 15209 | D:9      | Reached skill level 5 in Summonings
 15209 | D:9      | Reached skill level 5 in Necromancy
 15209 | D:9      | Reached skill level 5 in Translocations
 15209 | D:9      | Reached skill level 5 in Transmutations
 15209 | D:9      | Reached skill level 5 in Fire Magic
 15209 | D:9      | Reached skill level 5 in Ice Magic
 15209 | D:9      | Reached skill level 5 in Air Magic
 15209 | D:9      | Reached skill level 5 in Earth Magic
 15209 | D:9      | Reached skill level 5 in Poison Magic
 16429 | D:8      | Killed a skeletal warrior
 16690 | D:9      | Killed a skeletal warrior
 17378 | Orc:2    | Entered Level 2 of the Orcish Mines
 17901 | Orc:2    | Noticed an orc warlord
 18079 | Orc:1    | Learned a level 4 spell: Cause Fear
 18513 | D:11     | Reached **** piety under Wu Jian
 18912 | D:11     | Noticed a two-headed ogre
 18932 | D:11     | Noticed a two-headed ogre
 19807 | D:11     | Learned a level 2 spell: Blink
 19811 | D:11     | Learned a level 3 spell: Mephitic Cloud
 20224 | D:11     | Found a portal to a secret trove of treasure.
 20342 | D:11     | Reached XP level 12. HP: 77/91 MP: 18/23
 20855 | D:11     | Killed a two-headed ogre
 21092 | D:11     | Noticed a two-headed ogre
 21092 | D:11     | Noticed a two-headed ogre
 21152 | D:11     | Noticed Erolcha
 21778 | D:12     | Noticed a centaur warrior
 22157 | D:9      | Killed from afar by Fannar

Skill      XL: |  1  2  3  4  5  6  7  8  9 10 11 12 |
---------------+-------------------------------------+-----
Invocations    | 1 2 3 4 5 6 7 |  7.6
Short Blades   | 1 2 3 4 5 6 |  6.9
Long Blades    | 1 2 3 4 5 6 |  6.9
Axes           | 1 2 3 4 5 6 |  6.9
Maces & Flails | 1 2 3 4 5 6 |  6.9
Polearms       | 1 2 3 4 5 6 |  6.9
Staves         | 1 2 3 4 5 6 |  6.9
Slings         | 1 2 3 4 5 6 |  6.9
Bows           | 1 2 3 4 5 6 |  6.9
Throwing       | 1 2 3 4 5 6 |  6.9
Armour         | 1 2 3 4 5 6 |  6.9
Stealth        | 1 2 3 4 5 6 |  6.9
Shields        | 1 2 3 4 5 6 |  6.9
Unarmed Combat | 1 2 3 4 5 6 |  6.9
Evocations     | 1 2 3 4 5 6 |  6.9
Spellcasting   | 3 4 5 6 7 |  7.5
Conjurations   | 1 2 3 4 5 |  5.7
Charms         | 1 2 3 4 5 |  5.7
Summonings     | 1 2 3 4 5 |  5.7
Necromancy     | 1 2 3 4 5 |  5.7
Translocations | 1 2 3 4 5 |  5.7
Transmutations | 1 2 3 4 5 |  5.7
Fire Magic     | 1 2 3 4 5 |  5.7
Ice Magic      | 1 2 3 4 5 |  5.7
Air Magic      | 1 2 3 4 5 |  5.7
Earth Magic    | 1 2 3 4 5 |  5.7
Poison Magic   | 1 2 3 4 5 |  5.7
Fighting       | 3 4 5 6 7 |  7.4
Crossbows      | 5 6 7 8 |  8.4
Dodging        | 5 6 7 8 |  8.4
Hexes          | 6 7 8 |  8.0

Action                   |  1- 3 |  4- 6 |  7- 9 | 10-12 || total
-------------------------+-------+-------+-------+-------++-------
Melee: Hand axe          |     5 |       |       |       ||     5
       Dagger            |    53 |       |       |       ||    53
       Bite              |     7 |    19 |    52 |   178 ||   256
       Short sword       |    43 |   199 |   349 |   878 ||  1469
       Punch             |       |     1 |     8 |    25 ||    34
       Great sword       |       |       |       |    97 ||    97
       Dire flail        |       |       |       |    11 ||    11
       Whip              |       |       |       |    18 ||    18
       Long sword        |       |       |       |   309 ||   309
       Hand crossbow     |       |       |       |     5 ||     5
 Fire: Hand crossbow     |    10 |     7 |    20 |    20 ||    57
       Shortbow          |       |       |       |     3 ||     3
Throw: Javelin           |     7 |     6 |     7 |     9 ||    29
 Cast: Corona            |       |     3 |     2 |       ||     5
       Mephitic Cloud    |       |       |       |     6 ||     6
       Cause Fear        |       |       |       |     1 ||     1
       Slow              |       |       |       |     1 ||     1
Invok: Lunge             |       |       |     9 |    47 ||    56
       Whirlwind         |       |       |    19 |   320 ||   339
       Wall Jump         |       |       |       |    59 ||    59
       Serpent's Lash    |       |       |       |     3 ||     3
Evoke: Wand              |       |       |    16 |    49 ||    65
  Use: Potion            |     3 |       |       |     4 ||     7
       Scroll            |       |       |    11 |    16 ||    27
 Stab: Sleeping          |     2 |       |     2 |    10 ||    14
       Held in net/web   |       |     2 |       |       ||     2
       Distracted        |       |       |     1 |     2 ||     3
       Invisible         |       |       |       |     6 ||     6
       Confused          |       |       |       |     3 ||     3
       Paralysed         |       |       |       |     4 ||     4
  Eat: Chunk             |     3 |     9 |     7 |    20 ||    39
       Ration            |       |       |     2 |     9 ||    11
Armor: Robe              |    10 |       |       |       ||    10
       Scale mail        |    26 |    57 |    85 |   123 ||   291
       Plate armour      |       |       |       |   322 ||   322
       Leather armour    |       |       |       |    41 ||    41
Dodge: Dodged            |    84 |    80 |   120 |   482 ||   766
Block: Other             |       |    13 |    16 |    91 ||   120
       Reflection        |       |       |     2 |     6 ||     8
       Rpst.: Great sword |       |       |       |    20 ||    20
       Long sword        |       |       |       |    47 ||    47
